| TOP OF THE 1ST |
|
Toledo Mud Hens batting - Pitching for Omaha Storm Chasers : RHP Elijah Lewis
|
|
Pitching: RHP Elijah Lewis
|
|
|
Batting: RHB Brady Jeleniewski
|
0-0: Ball 1-0: Foul Ball, location: 2F 1-1: Ball 2-1: Reached via error on a dropped throw from SS, E3 (Groundball, 6, EV 85.6 MPH)
|
|
Batting: LHB Jamel Alexander
|
0-0: Ball Brady Jeleniewski steals 2nd base 1-0: Ball 2-0: Ball 3-0: Called Strike 3-1: Fly out, F7 (Flyball, 7D, EV 109.4 MPH) Runner from 2nd tags up, SAFE at 3rd, no throw by LF
|
|
Batting: SHB Jamie Roberts
|
0-0: Fly out, F8 (Flyball, 8LM, EV 86.9 MPH)
|
|
Batting: RHB Dave Calder
|
0-0: Ball 1-0: Ball 2-0: Ball 3-0: Called Strike 3-1: Base on Balls
|
|
Batting: RHB Zach Koblinski
|
0-0: Ball 1-0: Ball 2-0: Fielders Choice at 2nd, 6-4 (Groundball, 6, EV 108.1 MPH)
|
| Top of the 1st over - 0 runs, 0 hits, 1 error, 2 left on base; Toledo 0 - Omaha 0 |
| BOTTOM OF THE 1ST |
|
Omaha Storm Chasers batting - Pitching for Toledo Mud Hens : RHP Jose Esquibel
|
|
Pitching: RHP Jose Esquibel
|
|
|
Batting: RHB Yuichi Takata
|
0-0: Ball 1-0: Foul Ball, location: 2F 1-1: Ball 2-1: Ball 3-1: Ground out 6-3 (Groundball, 6, EV 89.4 MPH)
|
|
Batting: RHB Bob Najar
|
0-0: Called Strike 0-1: Ball 1-1: Reached on error, E5 (Groundball, 5, EV 81.2 MPH)
|
|
Batting: LHB Sam Britt
|
0-0: Ball Bob Najar steals 2nd base 1-0: Foul Ball, location: 2F 1-1: Ball 2-1: Called Strike 2-2: Ball 3-2: Ground out 6-3 (Groundball, 6, EV 85.0 MPH) Bob Najar to third
|
|
Batting: LHB Roman Downey
|
0-0: Ball 1-0: Called Strike 1-1: Foul Ball, location: 2F 1-2: Ball 2-2: Foul Ball, location: 2F 2-2: Strikes out swinging
|
| Bottom of the 1st over - 0 runs, 0 hits, 1 error, 1 left on base; Toledo 0 - Omaha 0 |
| TOP OF THE 2ND |
|
Toledo Mud Hens batting - Pitching for Omaha Storm Chasers : RHP Elijah Lewis
|
|
Batting: SHB Raul Morales
|
0-0: Ground out 6-3 (Groundball, 6M, EV 84.4 MPH)
|
|
Batting: RHB Paul Wood
|
0-0: Called Strike 0-1: Ball 1-1: Called Strike 1-2: Strikes out swinging
|
|
Batting: RHB Josh Stinnett
|
0-0: Called Strike 0-1: Ball 1-1: Hit by Pitch
|
|
Batting: LHB Adam Lancaster
|
0-0: Ball 1-0: Swinging Strike 1-1: Ball 2-1: Fly out, F8 (Flyball, 8RD, EV 87.5 MPH)
|
| Top of the 2nd over - 0 runs, 0 hits, 0 errors, 1 left on base; Toledo 0 - Omaha 0 |
| BOTTOM OF THE 2ND |
|
Omaha Storm Chasers batting - Pitching for Toledo Mud Hens : RHP Jose Esquibel
|
|
Batting: RHB Mikolas Markus
|
0-0: Called Strike 0-1: Swinging Strike 0-2: Strikes out swinging
|
|
Batting: LHB Justin Rupert
|
0-0: Ball 1-0: Ball 2-0: Ground out 4-3 (Groundball, 13, EV 82.5 MPH)
|
|
Batting: RHB Chris Cooper
|
0-0: Ball 1-0: Called Strike 1-1: Called Strike 1-2: Ground out 5-3 (Groundball, 56S, EV 73.8 MPH)
|
| Bottom of the 2nd over - 0 runs, 0 hits, 0 errors, 0 left on base; Toledo 0 - Omaha 0 |
| TOP OF THE 3RD |
|
Toledo Mud Hens batting - Pitching for Omaha Storm Chasers : RHP Elijah Lewis
|
|
Batting: RHB Brady Jeleniewski
|
0-0: Ball 1-0: Called Strike 1-1: Ground out 4-3 (Groundball, 34, EV 104.4 MPH)
|
|
Batting: LHB Jamel Alexander
|
0-0: Ball 1-0: Called Strike 1-1: Foul Ball, location: 2F 1-2: Ball 2-2: Ball 3-2: SINGLE (Groundball, 4MD, EV 103.8 MPH)
|
|
Batting: SHB Jamie Roberts
|
0-0: Ball Jamel Alexander is caught stealing 2nd base 2-6 1-0: SINGLE (Groundball, 34S, EV 62.5 MPH) (infield hit)
|
|
Batting: RHB Dave Calder
|
0-0: Ball 1-0: Swinging Strike 1-1: SINGLE (Flyball, 78S, EV 85.6 MPH) Jamie Roberts to second
|
|
Batting: RHB Zach Koblinski
|
0-0: Called Strike 0-1: Ball 1-1: Foul Ball, location: 2F 1-2: Foul Ball, location: 2F 1-2: SINGLE (Line Drive, 78S, EV 100.6 MPH) Jamie Roberts to third Dave Calder to second
|
|
Batting: SHB Raul Morales
|
0-0: Ball 1-0: Fielders Choice at 2nd, U4 (Groundball, 4M, EV 88.8 MPH)
|
| Top of the 3rd over - 0 runs, 4 hits, 0 errors, 3 left on base; Toledo 0 - Omaha 0 |
| BOTTOM OF THE 3RD |
|
Omaha Storm Chasers batting - Pitching for Toledo Mud Hens : RHP Jose Esquibel
|
|
Batting: RHB Nick Ogle
|
0-0: Foul Ball, location: 2F 0-1: Swinging Strike 0-2: Fly out, F7 (Flyball, 7D, EV 91.2 MPH)
|
|
Batting: RHB Aaron Moore
|
0-0: Called Strike 0-1: Ball 1-1: SINGLE (Line Drive, 8RS, EV 107.5 MPH)
|
|
Batting: RHB Yuichi Takata
|
0-0: Ball Aaron Moore is caught stealing 2nd base 2-4 1-0: Fly out, F6 (Popup, 4S, EV 81.9 MPH)
|
| Bottom of the 3rd over - 0 runs, 1 hit, 0 errors, 0 left on base; Toledo 0 - Omaha 0 |
| TOP OF THE 4TH |
|
Toledo Mud Hens batting - Pitching for Omaha Storm Chasers : RHP Elijah Lewis
|
|
Batting: RHB Paul Wood
|
0-0: Called Strike 0-1: Foul Ball, location: 2F 0-2: Ball 1-2: Strikes out looking
|
|
Batting: RHB Josh Stinnett
|
0-0: Ball 1-0: Ball 2-0: Ball 3-0: Base on Balls
|
|
Batting: LHB Adam Lancaster
|
0-0: Ball 1-0: Ball 2-0: Foul Ball, location: 2F 2-1: Foul Ball, location: 2F 2-2: DOUBLE (Groundball, 3L, EV 101.9 MPH) Josh Stinnett to third
|
|
Batting: RHB Brady Jeleniewski
|
0-0: Fly out, F7 (Flyball, 78M, EV 91.9 MPH) Runner from 3rd tags up, OUT at HOME! 7-2
|
| Top of the 4th over - 0 runs, 1 hit, 0 errors, 1 left on base; Toledo 0 - Omaha 0 |
| BOTTOM OF THE 4TH |
|
Omaha Storm Chasers batting - Pitching for Toledo Mud Hens : RHP Jose Esquibel
|
|
Batting: RHB Bob Najar
|
0-0: Ball 1-0: Ball 2-0: Fly out, F6 (Popup, 6MS, EV 80.6 MPH)
|
|
Batting: LHB Sam Britt
|
0-0: Called Strike 0-1: Fly out, F9 (Flyball, 9S, EV 91.2 MPH)
|
|
Batting: LHB Roman Downey
|
0-0: Ball 1-0: Ball 2-0: Ball 3-0: Base on Balls
|
|
Batting: RHB Mikolas Markus
|
0-0: Called Strike 0-1: Ball 1-1: Fly out, F8 (Flyball, 8RS, EV 90.0 MPH)
|
| Bottom of the 4th over - 0 runs, 0 hits, 0 errors, 1 left on base; Toledo 0 - Omaha 0 |
| TOP OF THE 5TH |
|
Toledo Mud Hens batting - Pitching for Omaha Storm Chasers : RHP Elijah Lewis
|
|
Batting: LHB Jamel Alexander
|
0-0: Called Strike 0-1: Ball 1-1: Ball 2-1: Foul Ball, location: 2F 2-2: Foul Ball, location: 2F 2-2: Fly out, F7 (Flyball, 78D, EV 93.1 MPH)
|
|
Batting: SHB Jamie Roberts
|
0-0: Fly out, F4 (Flyball, 4D, EV 84.4 MPH)
|
|
Batting: RHB Dave Calder
|
0-0: Ball 1-0: Ground out 6-3 (Groundball, 6, EV 79.4 MPH)
|
| Top of the 5th over - 0 runs, 0 hits, 0 errors, 0 left on base; Toledo 0 - Omaha 0 |
| BOTTOM OF THE 5TH |
|
Omaha Storm Chasers batting - Pitching for Toledo Mud Hens : RHP Jose Esquibel
|
|
Batting: LHB Justin Rupert
|
0-0: Called Strike 0-1: Ball 1-1: Swinging Strike 1-2: SINGLE (Groundball, 6S, EV 66.9 MPH) (infield hit)
|
|
Batting: RHB Chris Cooper
|
0-0: Ball 1-0: Foul Ball, location: 2F 1-1: SINGLE (Groundball, 4MD, EV 98.8 MPH) Justin Rupert to second
|
|
Batting: RHB Nick Ogle
|
0-0: Called Strike 0-1: Ball 1-1: Ball 2-1: Ball 3-1: Base on Balls Justin Rupert to third Chris Cooper to second
|
|
Batting: RHB Aaron Moore
|
0-0: GRAND SLAM HOME RUN (Flyball, 7D, EV 95.6 MPH), Distance : 360 ft
|
|
Batting: RHB Yuichi Takata
|
0-0: Foul Ball, location: 2F 0-1: Fly out, F9 (Flyball, 9, EV 95.6 MPH)
|
|
Batting: RHB Bob Najar
|
0-0: Ball 1-0: Ball 2-0: Ball 3-0: Fly out, F8 (Flyball, 8RD, EV 75.0 MPH)
|
|
Batting: LHB Sam Britt
|
0-0: Foul Ball, location: 2F 0-1: SINGLE (Line Drive, 89S, EV 101.2 MPH)
|
|
Batting: LHB Roman Downey
|
0-0: Called Strike 0-1: Swinging Strike 0-2: SINGLE (Line Drive, 89M, EV 92.5 MPH) Sam Britt to second Runner from 2nd tries for 3rd, SAFE, throw by RF made to third
|
|
Batting: RHB Mikolas Markus
|
0-0: Ball 1-0: Foul Ball, location: 2F 1-1: Foul Ball, location: 2F 1-2: Foul Ball, location: 2F 1-2: Foul Ball, location: 2F 1-2: Strikes out looking
|
| Bottom of the 5th over - 4 runs, 5 hits, 0 errors, 2 left on base; Toledo 0 - Omaha 4 |
| TOP OF THE 6TH |
|
Toledo Mud Hens batting - Pitching for Omaha Storm Chasers : RHP Elijah Lewis
|
|
Batting: RHB Zach Koblinski
|
0-0: Ball 1-0: Single, Error in OF, E7, batter to second base (Groundball, 56D, EV 100.6 MPH)
|
|
Batting: SHB Raul Morales
|
0-0: Called Strike 0-1: Ball 1-1: Ball 2-1: Ground out U3 (Groundball, 3S, EV 73.1 MPH) Zach Koblinski to third
|
|
Batting: RHB Paul Wood
|
0-0: Ball 1-0: Foul Ball, location: 2F 1-1: Ball 2-1: Foul Ball, location: 2F 2-2: 2-RUN HOME RUN (Flyball, 7D, EV 96.2 MPH), Distance : 373 ft
|
|
Batting: RHB Josh Stinnett
|
0-0: Called Strike 0-1: Swinging Strike 0-2: Ball 1-2: Ball 2-2: Ball 3-2: Foul Ball, location: 2F 3-2: Strikes out swinging
|
|
Batting: LHB Adam Lancaster
|
0-0: Swinging Strike 0-1: Called Strike 0-2: Ball 1-2: Strikes out looking
|
| Top of the 6th over - 2 runs, 2 hits, 1 error, 0 left on base; Toledo 2 - Omaha 4 |
| BOTTOM OF THE 6TH |
|
Omaha Storm Chasers batting - Pitching for Toledo Mud Hens : RHP Jose Esquibel
|
|
Batting: LHB Justin Rupert
|
0-0: Called Strike 0-1: Ball 1-1: Called Strike 1-2: Foul Ball, location: 2F 1-2: Ground out 4-3 (Groundball, 34, EV 107.5 MPH)
|
|
Batting: RHB Chris Cooper
|
0-0: Called Strike 0-1: Ball 1-1: DOUBLE (Line Drive, 8RXD, EV 100.6 MPH)
|
|
Batting: RHB Nick Ogle
|
0-0: Intentional Walk
|
|
Batting: RHB Aaron Moore
|
0-0: Ball 1-0: Ball 2-0: Foul Ball, location: 2F 2-1: SINGLE (Line Drive, 9S, EV 102.5 MPH) Chris Cooper to third Nick Ogle to second
|
|
Batting: RHB Yuichi Takata
|
0-0: Ball 1-0: Foul Ball, location: 2F 1-1: Called Strike 1-2: Grounds into double play, 5-2-3 (Groundball, 5, EV 108.8 MPH)
|
| Bottom of the 6th over - 0 runs, 2 hits, 0 errors, 2 left on base; Toledo 2 - Omaha 4 |
| TOP OF THE 7TH |
|
Toledo Mud Hens batting - Pitching for Omaha Storm Chasers : RHP Elijah Lewis
|
|
Batting: RHB Brady Jeleniewski
|
0-0: Foul Ball, location: 2F 0-1: Ball 1-1: Called Strike 1-2: Ball 2-2: Ball 3-2: Foul Ball, location: 2F 3-2: DOUBLE (Flyball, 78XD, EV 111.9 MPH)
|
|
Pitching: RHP Dennis Holifield
|
|
|
Batting: LHB Jamel Alexander
|
0-0: Ball 1-0: Ground out 4-3 (Groundball, 4, EV 92.5 MPH) Brady Jeleniewski to third
|
|
Batting: SHB Jamie Roberts
|
0-0: Ball 1-0: Called Strike 1-1: Foul Ball, location: 2F 1-2: Foul Ball, location: 2F 1-2: Fly out, F8 (Flyball, 8RXD, EV 100.0 MPH) Runner from 3rd tags up, SCORES, no throw by CF
|
|
Batting: RHB Dave Calder
|
0-0: Swinging Strike 0-1: Ball 1-1: Foul Ball, location: 2F 1-2: Strikes out swinging
|
| Top of the 7th over - 1 run, 1 hit, 0 errors, 0 left on base; Toledo 3 - Omaha 4 |
| BOTTOM OF THE 7TH |
|
Omaha Storm Chasers batting - Pitching for Toledo Mud Hens : RHP Jose Esquibel
|
|
Batting: RHB Bob Najar
|
0-0: Ball 1-0: Ball 2-0: Swinging Strike 2-1: SINGLE (Groundball, P, EV 81.9 MPH) (infield hit)
|
|
Batting: LHB Sam Britt
|
0-0: Swinging Strike 0-1: Ball 1-1: Called Strike 1-2: Fly out, F7 (Flyball, 78D, EV 93.1 MPH)
|
|
Pitching: RHP Isma'il bin Burhan
|
|
|
Batting: LHB Roman Downey
|
0-0: Called Strike Pickoff Throw to First - Error! E1 Bob Najar to second 0-1: Ball 1-1: Swinging Strike 1-2: Ball 2-2: Foul Ball, location: 2F 2-2: Ball 3-2: Foul Ball, location: 2F 3-2: SINGLE (Groundball, 6MS, EV 68.1 MPH) (infield hit) Bob Najar to third
|
|
Batting: RHB Mikolas Markus
|
0-0: Ball 1-0: Fly out, F8 (Flyball, 8LS, EV 78.8 MPH)
|
|
Batting: LHB Justin Rupert
|
0-0: Called Strike 0-1: Swinging Strike 0-2: Ball Wild Pitch! Bob Najar scores Roman Downey to second 1-2: Strikes out swinging
|
| Bottom of the 7th over - 1 run, 2 hits, 1 error, 1 left on base; Toledo 3 - Omaha 5 |
| TOP OF THE 8TH |
|
Toledo Mud Hens batting - Pitching for Omaha Storm Chasers : RHP Dennis Holifield
|
|
Pitching: RHP Brian Bright
|
|
|
Now at 1B: Gary Horgan
|
|
|
Now in RF: Ruben Serrata
|
|
|
Batting: RHB Zach Koblinski
|
0-0: Called Strike 0-1: Called Strike 0-2: Ball 1-2: Fly out, F8 (Flyball, 8LM, EV 88.1 MPH)
|
|
Batting: SHB Raul Morales
|
0-0: Swinging Strike 0-1: Ball 1-1: Ground out 6-3 (Groundball, 6M, EV 88.1 MPH)
|
|
Batting: RHB Paul Wood
|
0-0: Called Strike 0-1: Ball 1-1: Ball 2-1: Fly out, F9 (Flyball, 9LS, EV 92.5 MPH)
|
| Top of the 8th over - 0 runs, 0 hits, 0 errors, 0 left on base; Toledo 3 - Omaha 5 |
| BOTTOM OF THE 8TH |
|
Omaha Storm Chasers batting - Pitching for Toledo Mud Hens : RHP Isma'il bin Burhan
|
|
Pitching: RHP Mike Kirk
|
|
|
Batting: RHB Chris Cooper
|
0-0: Ground out 5-3 (Groundball, 56, EV 88.8 MPH)
|
|
Batting: RHB Nick Ogle
|
0-0: Foul Ball, location: 2F 0-1: Ball 1-1: SINGLE (Line Drive, 9LM, EV 105.0 MPH)
|
|
Batting: RHB Aaron Moore
|
0-0: Fly out, F8 (Flyball, 8RS, EV 93.8 MPH)
|
|
Batting: RHB Yuichi Takata
|
0-0: Ball 1-0: Ball 2-0: DOUBLE (Line Drive, 89M, EV 99.4 MPH) Nick Ogle to third
|
|
Batting: RHB Bob Najar
|
0-0: Called Strike 0-1: Fly out, F9 (Flyball, 9, EV 93.8 MPH)
|
| Bottom of the 8th over - 0 runs, 2 hits, 0 errors, 2 left on base; Toledo 3 - Omaha 5 |
| TOP OF THE 9TH |
|
Toledo Mud Hens batting - Pitching for Omaha Storm Chasers : RHP Brian Bright
|
|
Pitching: RHP Joe Jordahl
|
|
|
Batting: RHB Josh Stinnett
|
0-0: Foul Ball, location: 2F 0-1: Ball 1-1: Ball 2-1: Fly out, F9 (Flyball, 9D, EV 95.0 MPH)
|
|
Batting: LHB Adam Lancaster
|
0-0: Ball 1-0: Called Strike 1-1: Ball 2-1: Ball 3-1: Swinging Strike 3-2: Foul Ball, location: 2F 3-2: Base on Balls
|
|
Batting: RHB Brady Jeleniewski
|
0-0: Ball 1-0: Called Strike 1-1: SINGLE (Groundball, 6, EV 98.8 MPH) Adam Lancaster to second
|
|
Batting: LHB Jamel Alexander
|
0-0: Called Strike 0-1: Ball 1-1: Swinging Strike 1-2: Foul Ball, location: 2F 1-2: Foul Ball, location: 2F 1-2: Ball 2-2: Ball 3-2: Strikes out swinging
|
|
Pitching: RHP Sergio Quinones
|
|
|
Batting: SHB Jamie Roberts
|
0-0: Ground out U3 (Groundball, 34, EV 83.8 MPH)
|
| Top of the 9th over - 0 runs, 1 hit, 0 errors, 2 left on base; Toledo 3 - Omaha 5 |
|